 Dungeon Crawl Stone Soup version 0.23.1 (webtiles) character file.

Game seed: 4246580374385137939

49 misha the Poker (level 3, -4/28 HPs)
             Began as a Merfolk Gladiator on Mar 8, 2019.
             Killed by divine providence
             ... invoked by an orc priest
              (13 damage)
             ... on level 3 of the Dungeon.
             The game lasted 00:04:19 (1532 turns).

misha the Poker (Merfolk Gladiator)                 Turns: 1532, Time: 00:04:20

Health: -4/28      AC:  5    Str: 15    XL:     3   Next: 77%
Magic:  3/3        EV: 14    Int:  7    God:
Gold:   112        SH:  0    Dex: 15    Spells: 2/2 levels left

rFire    . . .     SeeInvis .   e - +2 spear (vamp)
rCold    . . .     Gourm    .   (no shield)
rNeg     . . .     Faith    .   b - +0 leather armour
rPois    .         Spirit   .   c - +0 helmet
rElec    .         Reflect  .   q - +0 cloak
rCorr    .         Harm     .   (no gloves)
MR       .....                  (no boots)
Stlth    +.........             l - amulet of magic regeneration
HPRegen  0.09/turn              (no ring)
MPRegen  0.33/turn              (no ring)

@: slowed, very slow
A: change form in water, swift swim, stealthy swim
a: no special abilities


You were on level 3 of the Dungeon.
You were very hungry.

You visited 1 branch of the dungeon, and saw 3 of its levels.

You collected 112 gold pieces.

Inventory:

Hand Weapons
 a - a +0 trident
 e - a +2 vampiric spear (weapon)
Missiles
 d - 3 throwing nets (quivered)
 j - 97 stones
 k - 59 sling bullets
 p - 14 poisoned needles
Armour
 b - a +0 leather armour (worn)
 c - a +0 helmet (worn)
 q - a +0 cloak (worn)
Jewellery
 l - an amulet of magic regeneration (around neck)
Scrolls
 g - 3 scrolls of identify {unknown}
 m - a scroll of immolation {unknown}
 r - a scroll of fog {unknown}
Potions
 h - a potion of lignification {unknown}
 n - a potion of heal wounds {unknown}
 o - a potion of magic {unknown}
Comestibles
 f - 3 rations


   Skills:
 + Level 2.8 Fighting
 * Level 5.9 Polearms
 - Level 2.1 Throwing
 - Level 4.3 Dodging


You had 2 spell levels left.
You didn't know any spells.
Your spell library was empty.

Dungeon Overview and Level Annotations

Branches:
Dungeon (3/15)

Altars:
Nemelex Xobeh
Uskayaw


Message History

The orc wizard completely misses you. The orc priest barely misses you.
The orc wizard hits you but does no damage.
You hit the orc priest.
You feel better.
The orc priest is almost dead.
The orc wizard hits you with a +0 dagger.
The orc priest barely misses you.
The orc wizard hits you but does no damage.
You barely miss the orc priest.
The orc priest is almost dead.
The orc wizard barely misses you.
The orc priest hits you but does no damage.
A gnoll comes into view. It is wielding a +0 halberd.
The orc wizard casts a spell at you. The magic dart hits you.
As you read the scroll labeled XOJIGH BYGRAMECO, it crumbles to dust.
You feel blessed for a moment.
It was a scroll of remove curse.
The gnoll shouts!
You hear a shout!
The orc priest calls down the wrath of Beogh upon you.
Beogh smites you!
You die...

.< #. ### #.#+### #. #....
g..... #. #.... ....# #.
#..... ....# #. ..#
....#### #...# #. ..
##....####.g.##.#.##
#.###.....o@ogo.....#.<#
#...#.....####....###..###
#...#.....# #......#....##
#...#.....#
##.)..#.#..รท..##
#...#.....#
......#.#.))#..#
###+#......####
......#.#..###..
#.....##...#
..........#'#'#.
#.....##...#
....##...###.###
#.....##...# #..###._.##


You could see an orc priest, an orc wizard, 2 gnolls and an orc.

Vanquished Creatures
  2 adders
  2 dart slugs (D:1)
  2 orcs (D:3)
  4 bats
  A giant cockroach (D:2)
  A goblin (D:2)
  2 hobgoblins
  5 kobolds
  2 quokkas (D:2)
  4 frilled lizards
  2 rats (D:2)
27 creatures vanquished.

Notes
Turn   | Place    | Note
-------+----------+-------------------------------------------
     0 | D:1      | misha the Merfolk Gladiator began the quest for the Orb.
     0 | D:1      | Reached XP level 1. HP: 16/16 MP: 1/1
   196 | D:1      | Reached XP level 2. HP: 22/22 MP: 2/2
   687 | D:2      | Reached skill level 5 in Polearms
   746 | D:2      | Reached XP level 3. HP: 26/28 MP: 3/3
   954 | D:2      | Found a hide-covered altar of Uskayaw.
   955 | D:2      | Found a sparkling altar of Nemelex Xobeh.
  1243 | D:3      | Found a sparkling altar of Nemelex Xobeh.
  1532 | D:3      | Killed from afar by an orc priest

Skill      XL: |  1  2 |
---------------+-------+-----
Polearms       | 5 |  5.9
Fighting       | |  2.8
Throwing       | |  2.1
Dodging        | |  4.3

Action                   || total
-------------------------++-------
Melee: Spear             ||   105
  Use: Scroll            ||     1
 Stab: Sleeping          ||     1
  Eat: Ration            ||     1
       Chunk             ||     2
Armor: Leather armour    ||    25
Dodge: Dodged            ||    62
